 Dungeon Crawl Stone Soup version 0.27.1-2-g3b301248ec (webtiles) character file.

Game seed: 11490462071715944451

158 CuBeRJAN3 the Skirmisher (level 5, -7/33 HPs)
             Began as a Gargoyle Fighter on Oct 4, 2021.
             Mangled by a wyvern (13 damage)
             ... on level 3 of the Dungeon.
             The game lasted 00:07:51 (2520 turns).

CuBeRJAN3 the Skirmisher (Gargoyle Fighter)         Turns: 2520, Time: 00:07:51

Health: -7/33      AC: 13    Str: 20    XL:     5   Next: 39%
Magic:  5/5        EV:  7    Int:  9    God:
Gold:   63         SH:  9    Dex:  9    Spells: 4/4 levels left

rFire    . . .     SeeInvis .   l - +0 dagger (freeze)
rCold    . . .     Faith    .   c - +0 kite shield
rNeg     + . .     Spirit   .   b - +0 scale mail
rPois    ∞         Reflect  .   (no helmet)
rElec    +         Harm     .   e - +0 cloak
rCorr    .         Rampage  .   h - +0 pair of gloves
Will     .....                  (no boots)
Stlth    ..........             (no amulet)
HPRegen  0.11/turn              (no ring)
MPRegen  0.09/turn              (no ring)

@: no status effects
A: sickness immunity, AC +4, negative energy resistance 1, electricity
resistance, torment resistance 1, petrification resistance
a: no special abilities


You were on level 3 of the Dungeon.
You visited 1 branch of the dungeon, and saw 4 of its levels.

You collected 63 gold pieces.

Inventory:

Hand Weapons
 a - a +0 flail
 l - a +0 dagger of freezing (weapon)
Armour
 b - a +0 scale mail (worn)
 c - a +0 kite shield (worn)
 e - a +0 cloak (worn)
 h - a +0 pair of gloves (worn)
 p - a +0 scale mail
Jewellery
 g - a +6 ring of dexterity
Wands
 s - a wand of acid (10)
Scrolls
 k - 3 scrolls of noise {unknown}
 m - a scroll of enchant armour {unknown}
 o - a scroll of teleportation {unknown}
 r - a scroll of enchant weapon {unknown}
Potions
 d - 3 potions of might
 i - a potion of brilliance {unknown}
 n - a potion of resistance {unknown}
 q - a potion of berserk rage {unknown}


   Skills:
 + Level 4.3 Fighting
 + Level 1.2 Short Blades
 - Level 2.4 Maces & Flails
 + Level 4.2 Armour
 + Level 1.5 Stealth
 + Level 4.2 Shields


You had 4 spell levels left.
You didn't know any spells.
Your spell library contained the following spells:

 Spells                   Type           Power      Damage    Failure   Level
 Slow                     Hex            0%         N/A       100%        2
 Call Canine Familiar     Summ           0%         N/A       100%        3
 Confusing Touch          Hex            0%         N/A       100%        3
 Portal Projectile        Hex/Tloc       0%         N/A       100%        3
 Vampiric Draining        Necr           0%         2d6       100%        3
 Leda's Liquefaction      Hex/Erth       0%         N/A       100%        4


Dungeon Overview and Level Annotations

Branches:
Dungeon (4/15)
 Temple: D:4-7

Altars:

Shops:
D:1 [

Annotations:
D:3 Grinder


Innate Abilities, Weirdness & Mutations

You are immune to sickness and miasma.
Your stone body is resilient. (AC +4)
You are immune to poison.
You resist negative energy. (rN+)
You are resistant to electric shocks. (rElec)
You are resistant to unholy torment.
You are immune to petrification.


Message History

You see here a hound corpse.
A wyvern comes into view.
The wyvern hisses angrily.
Press: ? - help, v - describe, . - travel
Here: a wyvern The floor.
You block the wyvern's attack. You block the wyvern's attack.
You block the wyvern's attack. The wyvern closely misses you.
The wyvern bites you. The wyvern bites you! You block the wyvern's attack.
You block the wyvern's attack. You block the wyvern's attack.
The wyvern bites you!
The wyvern bites you but does no damage.
The wyvern hisses menacingly.
The wyvern bites you!
* * * LOW HITPOINT WARNING * * *
The wyvern barely misses you. You block the wyvern's attack.
The wyvern bites you but does no damage.
There is a stone staircase leading up here.
You block the wyvern's attack.
You climb upwards.
Level annotation: Grinder
There is a stone staircase leading down here.
You block the wyvern's attack.
As you read the scroll labelled GAUPUH RIKAT, it crumbles to dust.
You feel momentarily disoriented.
It was a scroll of magic mapping.
You block the wyvern's attack.
As you read the scroll labelled ACUEDW WUOME, it crumbles to dust.
It is a scroll of brand weapon.
Your +0 dagger of venom is covered with a thin layer of ice!
l - a +0 dagger of freezing (weapon)
The wyvern closely misses you.
The wyvern bites you but does no damage.
The wyvern bites you!
You die...

#.......... #..........
#.......... #..........
################.....#####
#.............##.....#####
#..........>..............
#......)......#######5####
#........@l...............
#..)..........#.......####
#.............#.#######
#.............#.#
#.............#.# ###
#.............#.###### #..
#.............#......# #..
#.............#..###.# #..
#.............#...<#.# ###


You could see a wyvern.

Vanquished Creatures
  A hound (D:4)
  A centaur skeleton (D:4)
  A howler monkey skeleton (D:4)
  3 adders
  4 worms
  A dart slug (D:4)
  An orc (D:3)
  5 bats
  3 endoplasms
  4 giant cockroaches
  4 goblins
  6 hobgoblins
  5 jackals (D:2)
  2 quokkas (D:2)
  2 ball pythons
  2 frilled lizards
  2 kobolds (D:2)
  4 rats
51 creatures vanquished.

Notes
Turn   | Place    | Note
-------+----------+-------------------------------------------
     0 | D:1      | CuBeRJAN3 the Gargoyle Fighter began the quest for the Orb.
     0 | D:1      | Reached XP level 1. HP: 14/14 MP: 1/1
   186 | D:1      | Found Tezak's Antique Armour Boutique.
   372 | D:1      | You fall into a shaft and drop 1 floor!
   380 | D:2      | Reached XP level 2. HP: 14/19 MP: 2/2
   660 | D:2      | Reached XP level 3. HP: 13/24 MP: 3/3
  1064 | D:2      | Found a faded altar of an unknown god.
  1582 | D:1      | Reached XP level 4. HP: 29/29 MP: 4/4
  2003 | D:3      | Noticed Grinder
  2014 | D:3      | Paralysed by Grinder for 2 turns
  2415 | D:4      | Reached skill level 1 in Stealth
  2442 | D:4      | Reached skill level 1 in Short Blades
  2442 | D:4      | Reached XP level 5. HP: 33/33 MP: 5/5
  2484 | D:4      | Noticed a wyvern
  2520 | D:3      | Mangled by a wyvern

Illustrated notes

Levels and vault maps discovered:
D:1:      dpeg_arrival_tiny_g, layout_basic, serial_shops, nicolae_square_shop,
          st_stairs_13
D:2:      layout_rooms, hellmonk_ecumenical_altar_crossroads
D:3:      layout_basic, uniq_grinder
D:4:      layout_layer_cave, hangedman_abyss_or_decor_lesser_grid, uniq_duvessa

Skill      XL: |  1  2  3  4 |
---------------+-------------+-----
Fighting       | 4 |  4.3
Armour         | 4 |  4.2
Shields        | 4 |  4.2
Stealth        | 1 |  1.5
Short Blades   | 1 |  1.2
Maces & Flails | |  2.4

Action                   |  1- 3 |  4- 6 || total
-------------------------+-------+-------++-------
Melee: Flail             |    88 |       ||    88
       Dagger            |    53 |    76 ||   129
  Use: Scroll            |       |     2 ||     2
Armor: Scale mail        |    75 |    38 ||   113
Dodge: Dodged            |    39 |    28 ||    67
Block: Kite shield       |    85 |    48 ||   133
